 Dungeon Crawl Stone Soup version 0.25.1-2-g60ff931df9 (webtiles) character file.

Game seed: 16367833435002201216

9 Kold the Insei (level 2, -1/18 HPs)
             Began as an Octopode Transmuter on Aug 14, 2020.
             Slain by a frilled lizard (3 damage)
             ... on level 1 of the Dungeon.
             The game lasted 00:00:24 (284 turns).

Kold the Insei (Octopode Transmuter)                 Turns: 284, Time: 00:00:25

Health: -1/18      AC:  1    Str:  9    XL:     2   Next: 16%
Magic:  4/5        EV: 13    Int: 15    God:
Gold:   5          SH:  0    Dex: 12    Spells: 4/5 levels left

rFire    . . .     SeeInvis .     - Unarmed
rCold    . . .     Gourm    .   (no shield)
rNeg     . . .     Faith    .   (helmet restricted)
rPois    .         Spirit   .   (no amulet)
rElec    .         Reflect  .   (no ring)
rCorr    .         Harm     .   (no ring)
MR       .....                  (no ring)
Stlth    ++........             (no ring)
HPRegen  0.06/turn              (no ring)
MPRegen  0.09/turn              (no ring)
                                (no ring)
                                (no ring)

@: appendage
A: almost no armour, stealthy swim, amphibious, 8 rings, constrict 8, tentacle
spike 3, camouflage 1, gelatinous body 1
a: End Transformation


You were on level 1 of the Dungeon.
You were not hungry.
One of your tentacles had a temporary spike.
You visited 1 branch of the dungeon, and saw 1 of its levels.

You collected 5 gold pieces.

Inventory:

Missiles
 a - 12 arrows
Scrolls
 d - a scroll of amnesia {unknown}
Comestibles
 b - a chunk of flesh
 c - a ration


   Skills:
 - Level 1.0 Fighting
 - Level 2.0 Dodging
 + Level 3.3 Unarmed Combat
 - Level 2.0 Spellcasting
 + Level 2.4 Transmutations


You had 4 spell levels left.
You knew the following spells:

 Your Spells              Type           Power        Failure   Level  Hunger
a - Beastly Appendage     Tmut           #.....       9%          1    #......

Your spell library contained the following spells:

 Spells                   Type           Power        Failure   Level  Hunger
 Sticks to Snakes         Tmut           #.......     12%         2    ###....
 Spider Form              Tmut/Pois      #.........   38%         3    ###....
 Ice Form                 Ice/Tmut       #.......     80%         4    #####..
 Blade Hands              Tmut           #.........   92%         5    ######.


Dungeon Overview and Level Annotations

Branches:
Dungeon (1/15)

Altars:


Innate Abilities, Weirdness & Mutations

You cannot wear most types of armour.
You are very stealthy in the water. (Stealth+)
You are amphibious.
You can wear up to eight rings at the same time.
You can use your tentacles to constrict eight enemies at once.
Your skin changes colour to match your surroundings (Stealth+).
Your rubbery body absorbs attacks. (AC +1, EV +1)
One of your tentacles bears a large vicious spike.


Message History

Casting: Beastly Appendage (safe; 9% risk of failure)
Confirm with . or Enter, or press ? or * to list all spells.
One of your tentacles grows a vicious spike.
The leopard gecko barely misses you.
You miss the leopard gecko. Your grab misses the leopard gecko.
The frilled lizard bites you.
* * * LOW HITPOINT WARNING * * *
The leopard gecko closely misses you.
You see here a giant cockroach corpse.
You miss the frilled lizard. Your grab misses the frilled lizard.
Your tentacle spike misses the frilled lizard.
You closely miss the leopard gecko. You grab the leopard gecko.
You constrict the leopard gecko. The frilled lizard bites you.
* * * LOW HITPOINT WARNING * * *
The leopard gecko bites you but does no damage.
You tentacle-slap the leopard gecko but do no damage.
You pierce the leopard gecko.
The leopard gecko is moderately wounded.
You constrict the leopard gecko. The frilled lizard bites you.
You die...

##.....# ###+###
#...#######
#...#
#...#.....#
#.8.#
##.........#
#.)...######
#....## #...##
##.## #l@#
######l###
#.........#
#........%..#
#..(.......##
#............
#.^...........
#...............
#....%....######


You could see a leopard gecko and a frilled lizard.

Vanquished Creatures
  3 giant cockroaches (D:1)
  2 hobgoblins (D:1)
  A goblin (D:1)
  A kobold (D:1)
  2 rats (D:1)
9 creatures vanquished.

Notes
Turn   | Place    | Note
-------+----------+-------------------------------------------
     0 | D:1      | Kold the Octopode Transmuter began the quest for the Orb.
     0 | D:1      | Reached XP level 1. HP: 13/13 MP: 3/3
   269 | D:1      | Reached XP level 2. HP: 14/18 MP: 3/5
   284 | D:1      | Slain by a frilled lizard

Illustrated notes

Levels and vault maps discovered:
D:1:      minmay_arrival_stair_chambers, layout_rooms

Action                   || total
-------------------------++-------
Melee: Unarmed           ||    20
       Kick              ||     6
       Constrict         ||     7
       Tentacles         ||     4
 Cast: Beastly Appendage ||     3
Armor: Skin              ||     2
Dodge: Dodged            ||    12
